 Dungeon Crawl Stone Soup version 0.28-a0-919-g0b5b508569 (webtiles) character file.

Game seed: 15672858356272204745

33 avis the Skirmisher (level 3, -9/36 HPs)
             Began as a Hill Orc Fighter on Nov 25, 2021.
             Mangled by a kobold (21 damage)
             ... on level 2 of the Dungeon.
             The game lasted 00:04:12 (1288 turns).

avis the Skirmisher (Hill Orc Fighter)              Turns: 1288, Time: 00:04:15

Health: -9/36      AC:  6    Str: 19    XL:     3   Next: 29%
Magic:  3/3        EV:  9    Int:  8    God:
Gold:   45         SH:  4    Dex: 10    Spells: 2/2 levels left

rFire   . . .      SeeInvis .   a - +0 war axe
rCold   . . .      Faith    .   c - +0 buckler
rNeg    . . .      Spirit   .   b - +0 scale mail
rPois   .          Reflect  .   (no helmet)
rElec   .          Harm     .   (no cloak)
rCorr   .          Rampage  .   (no gloves)
Will    .....                   (no boots)
Stlth   ..........              (no amulet)
HPRegen 0.12/turn               (no ring)
MPRegen 0.08/turn               (no ring)

@: no status effects
A: no striking features
a: no special abilities


You were on level 2 of the Dungeon.
You visited 1 branch of the dungeon, and saw 2 of its levels.

You collected 45 gold pieces.

Inventory:

Hand Weapons
 a - a +0 war axe (weapon)
 l - a +0 dagger of electrocution
Missiles
 f - 5 boomerangs (quivered)
 h - 38 stones
 j - 12 arrows
 k - 22 sling bullets
Armour
 b - a +0 scale mail (worn)
 c - a +0 buckler (worn)
Scrolls
 g - a scroll of identify {unknown}
Potions
 d - a potion of might
 e - a potion of haste {unknown}
 i - a potion of brilliance {unknown}


   Skills:
 * Level 5.2 Fighting
 - Level 2.6 Axes
 - Level 3.2 Armour
 - Level 3.2 Shields


You had 2 spell levels left.
You didn't know any spells.
Your spell library contained the following spells:

 Spells                   Type           Power      Damage    Failure   Level
 Scorch                   Fire           0%         2d5       91%         2
 Flame Wave               Conj/Fire      0%         3d3       100%        4
 Summon Cactus Giant      Summ           0%         N/A       100%        6


Dungeon Overview and Level Annotations

Branches:
Dungeon (2/15)

Altars:

Shops:
D:1 (


Message History

There is a stone staircase leading up here.
Found a scale mail.
h - 38 stones (gained 11)
You see here a +0 scale mail.
You now have 45 gold pieces (gained 9).
Found a short sword.
Found a faded altar of an unknown god.
A frilled lizard comes into view.
The frilled lizard hisses angrily.
The frilled lizard barely misses you.
You barely miss the frilled lizard.
The frilled lizard bites you but does no damage.
You closely miss the frilled lizard.
The frilled lizard bites you but does no damage.
You barely miss the frilled lizard.
The frilled lizard bites you but does no damage. x2
You closely miss the frilled lizard. The frilled lizard closely misses you.
You slash the frilled lizard!
You kill the frilled lizard!
You see here a frilled lizard corpse.
A kobold comes into view. It is wielding a +1 whip of distortion.
The kobold shouts!
Press: ? - help, v - describe, . - travel, g - get item Item here: a short sword.
A faded altar of an unknown god.
Throw: 5 boomerangs
Press: ? - help, Q - select action, (/) - cycle Shift-Dir - straight line, f - kobold
Aim: a kobold, wielding a +1 whip of distortion and quivering stones (50% to hit)
You throw a boomerang. The boomerang barely misses the kobold.
Throw: 5 boomerangs
Press: ? - help, Q - select action, (/) - cycle Shift-Dir - straight line, f/p - kobold
Aim: a kobold, wielding a +1 whip of distortion and quivering stones (50% to hit)
You throw a boomerang.
The boomerang closely misses the kobold.
You barely miss the kobold.
The kobold hits you with a +1 whip of distortion.
Space warps horribly around you!!
Ouch! That really hurt!
The kobold hits you but does no damage. Space warps horribly around you!!
Ouch! That really hurt!
You die...

#. ##.### #...##### #
#.. ....# #........
#.#.. #.#.####...#####
#.#..##.#............#
#.....................
#...†..............#
#####....###.....####
#..K#.##.# #.........
....##@.##.#
#......### ###
#..###.# #......# #..#
#.# #....... #... ...
#..# #.# #..# ## ....
#.#.


You could see a kobold.

Vanquished Creatures
  A dart slug (D:1)
  2 endoplasms (D:1)
  A giant cockroach (D:2)
  3 goblins
  A hobgoblin (D:1)
  5 jackals (D:1)
  3 quokkas (D:1)
  3 ball pythons (D:1)
  A bat (D:1)
  4 frilled lizards
  5 kobolds
29 creatures vanquished.

Notes
Turn   | Place    | Note
-------+----------+-------------------------------------------
     0 | D:1      | avis the Hill Orc Fighter began the quest for the Orb.
     0 | D:1      | Reached XP level 1. HP: 19/19 MP: 1/1
   176 | D:1      | Reached skill level 4 in Fighting
   189 | D:1      | Reached XP level 2. HP: 20/27 MP: 2/2
   897 | D:1      | Found Reag Jyu's Weapon Shop.
   908 | D:1      | Reached XP level 3. HP: 35/35 MP: 3/3
   917 | D:1      | Reached skill level 5 in Fighting
  1272 | D:2      | Found a faded altar of an unknown god.
  1288 | D:2      | Mangled by a kobold

Illustrated notes

Levels and vault maps discovered:
D:1:      dpeg_arrival_tiny_k, layout_basic, serial_shops, nicolae_shop_stone
D:2:      layout_loops_cross, ebering_ecumenical_altar_rust,
          minmay_goblin_kobold_house

Skill      XL: |  1  2  3 |
---------------+----------+-----
Fighting       | 4 5 |  5.2
Axes           | |  2.6
Armour         | |  3.2
Shields        | |  3.2

Action                   || total
-------------------------++-------
Melee: War axe           ||   107
Throw: Boomerang         ||     2
Armor: Scale mail        ||    46
Dodge: Dodged            ||    54
Block: Buckler           ||    24

Table legend: (Time is in decaauts)
 A = Elapsed time spent in this place.
 B = Non-inter-level travel time spent in this place.
 C = Inter-level travel time spent in this place.
 D = Time resting spent in this place.
 E = Time spent auto-exploring this place.
 F = Levels seen in this place.
 G = Mean time per level.
                   A        B        C        D        E       F      G
               +--------+--------+--------+--------+--------+-----+--------+
         Total |   1332 |   1246 |     86 |    365 |    536 |   2 |  666.0 |
       Dungeon |   1332 |   1246 |     86 |    365 |    536 |   2 |  666.0 |
               +--------+--------+--------+--------+--------+-----+--------+

Top non-repeatable levels by time:
     D:1: 1220 daAuts
     D:2: 111 daAuts
